 Dungeon Crawl Stone Soup version 0.31-a0-620-gd1cbd99268 (webtiles) character file.

Game seed: 11287812753523488718

216 Maratek the Shield-Bearer (level 5, -8/47 HPs)
             Began as a Gnoll Fighter on Aug 23, 2023.
             Was an Initiate of Fedhas.
             Killed by divine providence
             ... invoked by an orc priest
              (12 damage)
             ... on level 4 of the Dungeon.
             The game lasted 00:03:17 (2351 turns).

Maratek the Shield-Bearer (Gnoll Fighter)           Turns: 2351, Time: 00:03:19

Health: -8/47      AC:  7    Str: 18    XL:     5   Next: 93%
Magic:  7/7        EV:  9    Int:  7    God:    Fedhas [......]
Gold:   178        SH:  5    Dex: 11    Spells: 7/7 levels left

rFire   . . .        a - +0 war axe
rCold   . . .        c - +0 buckler
rNeg    . . .        b - +0 scale mail
rPois   .            (no helmet)
rElec   .            (no cloak)
rCorr   .            (no gloves)
SInv    .            (no boots)
Will    +....        (no amulet) Stlth
                     g - ring of willpower
HPRegen 0.27/turn    (no ring)
MPRegen 0.10/turn

%: no passive effects
@: no status effects
A: fangs 1, strong nose, distributed training
a: Renounce Religion


You were on level 4 of the Dungeon.
You worshipped Fedhas.
Fedhas was noncommittal.
You visited 1 branch of the dungeon, and saw 4 of its levels.

You collected 178 gold pieces.

Inventory:

Hand Weapons
 a - a +0 war axe (weapon)
Armour
 b - a +0 scale mail (worn)
 c - a +0 buckler (worn)
Jewellery
 g - a ring of willpower (left hand)
 p - a ring of protection from cold
Wands
 r - a wand of roots (5)
Scrolls
 f - 3 scrolls of identify {unknown}
 i - a scroll of blinking {unknown}
 j - a scroll of teleportation {unknown}
 m - 2 scrolls of revelation {unknown}
 n - a scroll of silence {unknown}
 o - a scroll of enchant weapon {unknown}
 q - a scroll of amnesia {unknown}
 s - a scroll of summoning {unknown}
 v - 2 scrolls of poison {unknown}
Potions
 d - 2 potions of might
 e - 4 potions of curing {unknown}
 h - 2 potions of enlightenment {unknown}
 k - a potion of berserk rage {unknown}
 l - 2 potions of attraction {unknown}
 t - 2 potions of heal wounds {unknown}
 u - 2 potions of degeneration {unknown}


   Skills:
 + Level 6.7 Fighting
 + Level 1.7 Short Blades
 + Level 1.7 Long Blades
 + Level 4.9 Axes
 + Level 1.7 Maces & Flails
 + Level 1.7 Polearms
 + Level 1.7 Staves
 + Level 1.7 Ranged Weapons
 + Level 1.7 Throwing
 + Level 6.7 Armour
 + Level 1.7 Dodging
 + Level 1.7 Stealth
 + Level 6.7 Shields
 + Level 1.7 Unarmed Combat
 + Level 1.7 Spellcasting
 + Level 1.3 Conjurations
 + Level 1.3 Hexes
 + Level 1.3 Summonings
 + Level 1.3 Necromancy
 + Level 1.3 Translocations
 + Level 1.3 Transmutations
 + Level 1.3 Fire Magic
 + Level 1.3 Ice Magic
 + Level 1.3 Air Magic
 + Level 1.3 Earth Magic
 + Level 1.3 Poison Magic
 + Level 2.0 Invocations
 + Level 1.7 Evocations
 + Level 1.5 Shapeshifting


You had 7 spell levels left.
You didn't know any spells.
Your spell library contained the following spells:

 Spells                   Type           Power      Damage    Failure   Level
 Shock                    Conj/Air       8%         1d3       61%         1
 Blink                    Tloc           4%         N/A       75%         2
 Swiftness                Air            2%         N/A       93%         3
 Tukima's Dance           Hex            2%         N/A       93%         3
 Airstrike                Air            1%         2d(1-17)  100%        4
 Manifold Assault         Tloc           2%         N/A       100%        4
 Passage of Golubria      Tloc           2%         N/A       100%        4
 Yara's Violent Unravell  Hex/Tmut       1%         3d3       100%        5


Dungeon Overview and Level Annotations

Branches:
Dungeon (4/15)
 Temple: D:4-7

Altars:
Fedhas
Nemelex Xobeh
The Shining One


Innate Abilities, Weirdness & Mutations

You have very sharp teeth.
Your uncanny sense of smell can sniff out nearby items.
Your experience applies equally to all skills.


Message History

You feel a little less mighty now.
You start resting.
A gnoll comes into view. It is wielding a +0 spear.
A gnoll is nearby!
Items here: )))) [[ ††.
You start resting.
An orc comes into view. It is wielding a +0 dagger.
An orc is nearby!
An orc is nearby!
An orc is nearby!
The orc shouts!
You hear a shout!
An orc comes into view. It is wielding a +0 dagger.
The orc shouts!
An orc comes into view.
It is wielding a +0 whip of electrocution.
An orc priest comes into view. It is wielding a +0 short sword.
The orc priest shouts!
You slash the orc!
You kill the orc!
Fedhas appreciates your contribution to the ecosystem.
You block the orc's attack.
You see here a +0 dagger.
You hit the orc but do no damage. You block the orc's attack.
The orc hits you with a +0 dagger.
You slash the orc!
You kill the orc!
Fedhas appreciates your contribution to the ecosystem.
The orc hits you but does no damage.
Your Invocations skill increases to level 2!
You barely miss the orc.
The orc hits you with a +0 whip of electrocution.
You are electrocuted!
You hit the orc.
The orc is heavily wounded.
The orc hits you with a +0 whip of electrocution.
You are electrocuted!
* * * LOW HITPOINT WARNING * * *
The orc priest mumbles some strange prayers to Beogh against you.
Beogh smites you!
You die...
Fedhas appreciates your contribution to the ecosystem.

##....)## ##..##
#g......# #...###
+.>.....# #.(...#
##......# ##....#
#......# #....## .
#.....## #.....#
....##.....## ##....#
........†...##########.##
............))oo@......#
............############
............#
............#
....##.....## #...
#.....# #.. #......
.......[ ........


You could see an orc priest and an orc.

Vanquished Creatures
  An ogre (D:4)
  An orc wizard (D:4)
  3 gnolls (D:4)
  An adder (D:4)
  A white imp (D:3)
  2 worms
  3 dart slugs
  6 orcs
  5 endoplasms
  5 goblins (D:2)
  3 hobgoblins
  A kobold (D:2)
  3 quokkas
  6 ball pythons
  2 bats (D:2)
  2 frilled lizards
  3 rats (D:2)
48 creatures vanquished.

Notes
Turn   | Place    | Note
-------+----------+-------------------------------------------
     0 | D:1      | Maratek the Gnoll Fighter began the quest for the Orb.
     0 | D:1      | Reached XP level 1. HP: 23/23 MP: 1/1
   248 | D:1      | Reached XP level 2. HP: 29/29 MP: 2/2
   477 | D:2      | Found a sparkling altar of Nemelex Xobeh.
   787 | D:2      | Reached XP level 3. HP: 35/35 MP: 3/3
  1292 | D:3      | Reached skill level 1 in Invocations
  1647 | D:3      | Reached skill level 1 in Short Blades
  1647 | D:3      | Reached skill level 1 in Long Blades
  1647 | D:3      | Reached skill level 1 in Maces & Flails
  1647 | D:3      | Reached skill level 1 in Polearms
  1647 | D:3      | Reached skill level 1 in Staves
  1647 | D:3      | Reached skill level 1 in Ranged Weapons
  1647 | D:3      | Reached skill level 1 in Throwing
  1647 | D:3      | Reached skill level 1 in Dodging
  1647 | D:3      | Reached skill level 1 in Stealth
  1647 | D:3      | Reached skill level 1 in Unarmed Combat
  1647 | D:3      | Reached skill level 1 in Spellcasting
  1647 | D:3      | Reached skill level 1 in Evocations
  1820 | D:3      | Reached XP level 4. HP: 41/41 MP: 5/5
  2047 | D:3      | Found a blossoming altar of Fedhas.
  2055 | D:3      | Became a worshipper of Fedhas Madash
  2149 | D:4      | Found a glowing golden altar of the Shining One.
  2194 | D:4      | Reached skill level 1 in Shapeshifting
  2211 | D:4      | Noticed an ogre
  2230 | D:4      | Reached skill level 1 in Conjurations
  2230 | D:4      | Reached skill level 1 in Hexes
  2230 | D:4      | Reached skill level 1 in Summonings
  2230 | D:4      | Reached skill level 1 in Necromancy
  2230 | D:4      | Reached skill level 1 in Translocations
  2230 | D:4      | Reached skill level 1 in Transmutations
  2230 | D:4      | Reached skill level 1 in Fire Magic
  2230 | D:4      | Reached skill level 1 in Ice Magic
  2230 | D:4      | Reached skill level 1 in Air Magic
  2230 | D:4      | Reached skill level 1 in Earth Magic
  2230 | D:4      | Reached skill level 1 in Poison Magic
  2234 | D:4      | Killed an ogre
  2235 | D:4      | Reached XP level 5. HP: 15/47 MP: 5/7
  2351 | D:4      | Killed from afar by an orc priest

Illustrated notes

Levels and vault maps discovered:
D:1:      grunt_arrival_crossed_arrows, layout_rooms
D:2:      layout_loops_ring, basic_altar, minmay_pentomino_w4
D:3:      layout_basic, fedhas_altar_fruit_tree
D:4:      layout_gridville, elyvilon_altar_3, nicolae_tso_carved_into_rock

Skill      XL: |  1  2  3  4  5 |
---------------+----------------+-----
Invocations    | 1 2 |  2.0
Short Blades   | 1 |  1.7
Long Blades    | 1 |  1.7
Maces & Flails | 1 |  1.7
Polearms       | 1 |  1.7
Staves         | 1 |  1.7
Ranged Weapons | 1 |  1.7
Throwing       | 1 |  1.7
Dodging        | 1 |  1.7
Stealth        | 1 |  1.7
Unarmed Combat | 1 |  1.7
Spellcasting   | 1 |  1.7
Evocations     | 1 |  1.7
Shapeshifting  | 1 |  1.5
Conjurations   | 1 |  1.3
Hexes          | 1 |  1.3
Summonings     | 1 |  1.3
Necromancy     | 1 |  1.3
Translocations | 1 |  1.3
Transmutations | 1 |  1.3
Fire Magic     | 1 |  1.3
Ice Magic      | 1 |  1.3
Air Magic      | 1 |  1.3
Earth Magic    | 1 |  1.3
Poison Magic   | 1 |  1.3
Fighting       | |  6.7
Axes           | |  4.9
Armour         | |  6.7
Shields        | |  6.7

Action                     |  1- 3 |  4- 6 || total
---------------------------+-------+-------++-------
  Melee: War axe           |    82 |    28 ||   110
         Bite              |     9 |     2 ||    11
  Evoke: Wand              |       |     1 ||     1
    Use: Potion            |       |     1 ||     1
 Armour: Scale mail        |    38 |    13 ||    51
  Dodge: Dodged            |    49 |    13 ||    62
  Block: Buckler           |    25 |     8 ||    33

Table legend: (Time is in decaauts)
 A = Elapsed time spent in this place.
 B = Non-inter-level travel time spent in this place.
 C = Inter-level travel time spent in this place.
 D = Time resting spent in this place.
 E = Time spent auto-exploring this place.
 F = Levels seen in this place.
 G = Mean time per level.
                   A        B        C        D        E       F      G
               +--------+--------+--------+--------+--------+-----+--------+
         Total |   2383 |   2314 |     69 |     78 |   1747 |   4 |  595.8 |
       Dungeon |   2383 |   2314 |     69 |     78 |   1747 |   4 |  595.8 |
               +--------+--------+--------+--------+--------+-----+--------+

Top non-repeatable levels by time:
     D:3: 971 daAuts
     D:2: 788 daAuts
     D:1: 376 daAuts
     D:4: 247 daAuts
